 Dungeon Crawl Stone Soup version 0.30.1-11-g7821555f0a (webtiles) character file.

Game seed: 8155620235990891183

228971 monsoonserge the Wrestler (level 18, -8/197 HPs)
             Began as a Troll Fighter on Nov 22, 2023.
             Was the Champion of Wu Jian.
             Killed from afar by a deep elf sorcerer (41 damage)
             ... with a bolt of acid
             ... on level 3 of the Elven Halls.
             The game lasted 02:34:24 (32923 turns).

monsoonserge the Wrestler (Troll Fighter)          Turns: 32923, Time: 02:34:24

Health: -8/197     AC:  0    Str: 29    XL:     18   Next: 72%
Magic:  21/21      EV: 12    Int: 10    God:    Wu Jian [******]
Gold:   807        SH: 22    Dex:  9    Spells: 16/22 levels left

rFire   + .          .
                       - Unarmed
rCold   + . .        b - +5 Storm Queen's Shield {shock, Fly rElec}
rNeg    + . .        B - +0 robe {rC+ rF+}
rPois   .            (helmet restricted)
rElec   +            s - scarf {repulsion}
rCorr   .            (gloves unavailable)
SInv    .            (boots unavailable)
Will    ++...        f - amulet of reflection
Stlth   +            v - ring of positive energy
HPRegen 1.32/turn    m - ring of willpower
MPRegen 0.17/turn

%: repel missiles, reflection
@: exhausted, corroded, flying, hasted, very quick
A: large, unfitting armour, claws 3, regeneration 1, shaggy fur 1, tough skin 1
}: 1/15 runes: barnacled
a: Renounce Religion, Wall Jump, Serpent's Lash, Heavenly Storm


You were on level 3 of the Elven Halls.
You worshipped Wu Jian.
Wu Jian was exalted by your worship.
You visited 9 branches of the dungeon, and saw 33 of its levels.
You visited 1 bazaar.
You also visited: Bailey, Gauntlet and Ice Cave.

You collected 3378 gold pieces.
You spent 2571 gold pieces at shops.

Inventory:

Missiles
 x - a boomerang of dispersal
 G - 17 silver javelins (quivered)
 L - 9 curare-tipped darts
 M - 27 large rocks
 X - 4 atropa-tipped darts
Armour
 b - the +5 Storm Queen's Shield (worn) {shock, Fly rElec}
   (You bought it in a shop on level 2 of the Orcish Mines)

   Shock:     When it blocks an attack, it may electrocute the attacker.
   This works even against foes who are a short distance away.
   rElec:     It insulates you from electricity.
   Fly:       It grants you flight.
 s - a scarf of repulsion (worn)
 B - a +0 robe of resistance (worn)
 F - a +1 cloak of willpower
 H - +0 ice dragon scales
 Z - a +2 robe of willpower
Jewellery
 f - an amulet of reflection (around neck)
 k - the ring of the Iron Devil {Fire rElec rN++ Str-3 Int+2}
   (You bought it in a shop in a bazaar)

   [ring of fire]

   It enhances your fire magic.
   Str:       It affects your strength (-3).
   Int:       It affects your intelligence (+2).
   rF:        It protects you from fire.
   rC:        It makes you vulnerable to cold.
   rElec:     It insulates you from electricity.
   rN:        It greatly protects you from negative energy.
 m - a ring of willpower (right claw)
 v - a ring of positive energy (left claw)
 T - a ring of resist corrosion
 Y - a ring of protection from cold
Wands
 y - a wand of polymorph (9)
 I - a wand of roots (20)
 N - a wand of mindburst (15)
 Q - a wand of digging (1)
 S - a wand of acid (8)
 W - a wand of charming (5)
Scrolls
 a - a scroll of torment
 d - 4 scrolls of magic mapping
 e - 16 scrolls of teleportation
 h - 13 scrolls of fear
 l - 4 scrolls of poison
 u - 10 scrolls of fog
 z - a scroll of silence
 D - 7 scrolls of blinking
 E - 8 scrolls of enchant armour
 O - 5 scrolls of identify
 P - 2 scrolls of summoning
 U - 3 scrolls of immolation
Potions
 c - a potion of might
 g - 2 potions of haste
 i - a potion of invisibility
 j - 6 potions of mutation
 n - 16 potions of curing
 q - 4 potions of cancellation
 r - 2 potions of magic
 t - 6 potions of ambrosia
 w - 9 potions of lignification
 A - 6 potions of attraction
 C - 3 potions of brilliance
 J - 5 potions of resistance
Miscellaneous
 o - a condenser vane
 p - a lightning rod (4/4)
 K - a phial of floods
 R - a box of beasts
 V - a phantom mirror


   Skills:
 - Level 16.3 Fighting
 - Level 9.9 Dodging
 - Level 14.4 Shields
 - Level 22.5 Unarmed Combat
 + Level 2.8 Spellcasting
 + Level 2.3 Transmutations
 + Level 2.7 Earth Magic
 - Level 4.0 Evocations


You had 16 spell levels left.
You knew the following spells:

 Your Spells              Type           Power      Damage    Failure   Level
a - Statue Form           Tmut/Erth      4%         N/A       100%        6

Your spell library contained the following spells:

 Spells                   Type           Power      Damage    Failure   Level
 Beastly Appendage        Tmut           12%        N/A       16%         1
 Apportation              Tloc           2%         N/A       38%         1
 Kiss of Death            Conj/Necr      4%         2d5       38%         1
 Magic Dart               Conj           4%         1d3       38%         1
 Necrotise                Necr           4%         1d4       38%         1
 Shock                    Conj/Air       4%         1d3       38%         1
 Summon Small Mammal      Summ           4%         N/A       38%         1
 Call Imp                 Summ           2%         N/A       52%         2
 Poisonous Vapours        Pois/Air       2%         N/A       52%         2
 Searing Ray              Conj           2%         2d4       52%         2
 Call Canine Familiar     Summ           1%         N/A       77%         3
 Confusing Touch          Hex            1%         N/A       77%         3
 Hailstorm                Conj/Ice       1%         3d3       77%         3
 Mephitic Cloud           Conj/Pois/Air  1%         N/A       77%         3
 Ozocubu's Armour         Ice            1%         N/A       77%         3
 Portal Projectile        Hex/Tloc       2%         N/A       77%         3
 Summon Guardian Golem    Hex/Summ       1%         N/A       77%         3
 Swiftness                Air            1%         N/A       77%         3
 Tukima's Dance           Hex            1%         N/A       77%         3
 Vhi's Electric Charge    Tloc/Air       2%         N/A       77%         3
 Volatile Blastmotes      Fire/Tloc      2%         2d10      77%         3
 Petrify                  Tmut/Erth      6%         N/A       82%         4
 Leda's Liquefaction      Hex/Erth       2%         N/A       92%         4
 Ice Form                 Ice/Tmut       3%         N/A       94%         4
 Airstrike                Air            0%         2d(1-17)  99%         4
 Animate Dead             Necr           1%         N/A       99%         4
 Dispel Undead            Necr           1%         3d6       99%         4
 Fulminant Prism          Conj/Hex       0%         3d5       99%         4
 Passage of Golubria      Tloc           1%         N/A       99%         4
 Arcjolt                  Conj/Air       0%         1d10      100%        5
 Irradiate                Conj/Tmut      1%         3d12      100%        5
 Metabolic Englaciation   Hex/Ice        0%         N/A       100%        5
 Yara's Violent Unravell  Hex/Tmut       1%         3d3       100%        5
 Simulacrum               Ice/Necr       0%         N/A       100%        6
 Haunt                    Necr/Summ      0%         N/A       100%        7
 Ozocubu's Refrigeration  Ice            0%         4d7       100%        7
 Storm Form               Tmut/Air       1%         N/A       100%        7
 Infestation              Necr           0%         N/A       100%        8
 Maxwell's Capacitive Co  Air            0%         ∞         100%        8


Dungeon Overview and Level Annotations

Branches:
Dungeon (15/15)            Temple (1/1) D:4            Lair (5/5) D:10
 Shoals (4/4) Lair:3        Snake (1/4) Lair:2        Slime (0/5) Lair:5
    Orc (2/2) D:12            Elf (3/3) Orc:2        Vaults (1/5) D:13
 Depths (1/4) D:15         Bailey (visited)           IceCv (visited)
Gauntlet (visited)

Altars:
Ashenzari
Cheibriados
Dithmenos
Elyvilon
Fedhas
Gozag
Hepliaklqana
Kikubaaqudgha
Makhleb
Nemelex Xobeh
Okawaru
Qazlal
Ru
Sif Muna
Trog
Uskayaw
Vehumet
Wu Jian
Xom
Yredelemnul
Zin
The Shining One
Jiyva

Shops:
D:4 (   Orc:2 *[((   Elf:1 [([[?*   Elf:3 *   Shoals:1 (   Snake:1 *

Annotations:
Elf:2 3 runed translucent doors


Innate Abilities, Weirdness & Mutations

You are too large for most types of armour.
You have claws for hands.
Your natural rate of healing is unusually fast.
You are covered in fur. (AC +1)
You have tough skin. (AC +1)


Message History

You hear a shout!
You spin and attack the deep elf elementalist repeatedly.
You mangle the deep elf elementalist!!
You kill the deep elf elementalist!
The Council accepts your kill.
The deep elf demonologist mumbles some strange words.
Unknown command.
Unknown command.
As you read the scroll of fog, it crumbles to dust.
The scroll dissolves into smoke.
You block the deep elf sorcerer's attack.
The deep elf sorcerer points at you and mumbles some strange words.
The bolt of acid hits you!!! The acid corrodes you!
The deep elf sorcerer hits you with a +0 short sword!
Unknown command.
The deep elf sorcerer attacks as you move away!
You block the deep elf sorcerer's attack.
The deep elf sorcerer gestures at you while chanting.
The bolt of acid hits you!!!
* * * LOW HITPOINT WARNING * * *
You hear a shout!
Your muscles tense, ready for explosive movement...
Your supernatural speed expires.
The deep elf sorcerer shouts, "You can't withstand my power!"
The deep elf sorcerer casts a spell at you.
You resist with almost no effort.
Press: ? - help, v - describe, . - travel
Here: a deep elf sorcerer, wielding a +0 short sword (purple smoke, fast)
The floor.
Unknown command.
You feel yourself speed up.
The deep elf sorcerer casts a spell at you.
You resist with almost no effort.
The deep elf sorcerer casts a spell at you.
You resist with almost no effort.
Things that are here:
a +0 long sword; a +0 leather armour; an elf corpse The deep elf sorcerer points at you and mumbles some strange words.
The bolt of acid hits you!!!
You die...

..# #.# .## #e# .# #e# ##
##.## ##.e.##
#############..#..#
#.............###.#
#.###########).#..#
#...###.###.@.###.## ##
###.#.....#.### #..### .#
#......[..# ##...###
.######.......).########...###
.'....')........'............#
.######...).....#########..###
.# #.....[...# ### ##'# ##
###.....'## #.# #.#
############.###.## #.#


You could see 3 deep elf sorcerers.

Vanquished Creatures
  Rupert (D:15)
  A kraken (Shoals:4)
  A tengu reaver (Vaults:1)
  3 vault wardens (Vaults:1)
  4 frost giants
  7 ironbound preservers
  2 orc warlords (Orc:2)
  The ghost of MuffinSoup the Devastator, a journeyman OpHW of Vehumet (D:15)
  A deep elf elementalist (Elf:3)
  5 very ugly things
  3 ironbound thunderhulks (Vaults:1)
  The ghost of Iwiver the Severer, a journeyman MiBe of Trog (Elf:2)
  2 deep elf demonologists (Elf:3)
  A white draconian (IceCv)
  2 minotaurs
  7 dire elephants
  The ghost of Azazsd the Severer, a journeyman MiBe of Trog (D:11)
  9 merfolk javelineers (Shoals:4)
  A fire dragon (D:15)
  4 merfolk impalers
  A yaktaur captain (Vaults:1)
  9 ice dragons
  2 vault guards (Bailey)
  A deep elf high priest (Elf:3)
  Fannar (Orc:2)
  3 hydras
  A great orb of eyes (Vaults:1)
  7 ironbound frosthearts
  2 anacondas (Snake:1)
  An ogre mage (Orc:1)
  6 merfolk avatars
  8 centaur warriors
  A catoblepas (Lair:5)
  3 alligator snapping turtles
  10 two-headed ogres
  Erica (Lair:1)
  6 boulder beetles
  A death scarab (Gauntlet)
  3 death yaks (Lair:5)
  2 tengu warriors
  20 dancing weapons
  A deep troll shaman (Lair:5)
  2 merfolk aquamancers (Shoals:4)
  3 orc high priests (Orc:2)
  9 deep elf knights
  A shock serpent (Snake:1)
  8 skeletal warriors
  Nergalle (Lair:1)
  5 skysharks
  A soul eater (D:11)
  A sixfirhy (D:11)
  10 sea snakes
  A glowing orange brain (Vaults:1)
  A spectral death yak (Gauntlet)
  12 deep trolls
  9 deep elf archers
  2 naga ritualists (Snake:1)
  6 ironbound convokers (Vaults:1)
  4 lindwurms
  An obsidian statue (D:10)
  An orange crystal statue (IceCv)
  13 harpies
  17 deep elf zephyrmancers
  3 mana vipers (Snake:1)
  3 orc knights
  29 deep elf pyromancers
  16 manticores
  2 orc sorcerers (Orc:2)
  22 ugly things
  5 cyclopes
  4 fauns
  14 elephants
  7 merfolk sirens
  A rust devil (D:11)
  11 black mambas
  A naga mage (Snake:1)
  4 vault sentinels
  Maurice (Orc:1)
  2 orange demons (D:11)
  The ghost of Grendle the Trooper, a novice DsBe of Trog (D:8)
  7 water nymphs
  4 cane toads
  7 rime drakes
  10 komodo dragons
  An efreet (Gauntlet)
  A yaktaur (shapeshifter) (D:11)
  5 yaktaurs (Vaults:1)
  An ice devil (D:11)
  2 anaconda simulacra (D:15)
  A freezing wraith (D:13)
  A tengu conjurer (Shoals:2)
  2 trolls
  2 harpy zombies (Shoals:3)
  12 polar bears
  3 wind drakes
  Prince Ribbit (Bailey)
  3 meliai (D:14)
  23 merfolk
  A tarantella (shapeshifter) (Elf:1)
  A hornet (shapeshifter) (D:13)
  4 blink frogs (Lair:2)
  5 snapping turtles
  2 air elementals
  7 dream sheep (Lair:4)
  A slime creature (Vaults:1)
  A shadow (D:11)
  11 water elementals
  2 wraiths
  A vampire (D:13)
  8 wyverns
  3 centaur simulacra
  3 basilisks
  6 fire elementals
  40 yaks
  A golden eye (shapeshifter) (Elf:1)
  A minotaur simulacrum (D:15)
  2 steam dragons
  2 humans (Bailey)
  4 vampire mosquitoes
  A chaos spawn (D:11)
  A neqoxec (D:11)
  4 nagas
  6 wargs
  A hell hound (Gauntlet)
  5 water moccasins
  32 orc warriors
  4 ice beasts
  2 sky beasts
  A swamp drake (D:10)
  2 black bears
  10 ogres
  4 manticore zombies (Shoals:3)
  An alligator simulacrum (D:15)
  14 wolves
  20 centaurs
  4 phantoms
  Blork the orc (D:6)
  3 kobold brigands
  20 bullfrogs
  2 scorpions
  7 earth elementals
  2 gnoll sergeants (D:11)
  A cane toad simulacrum (Gauntlet)
  4 deep troll simulacra (D:15)
  4 wights
  2 troll zombies (D:12)
  14 killer bees
  4 electric eels
  4 howler monkeys
  A quasit (D:11)
  2 hounds
  2 gnoll boudas
  19 orc priests
  4 jellies
  2 sleepcaps (D:6)
  29 orc wizards
  4 iguanas
  6 ogre zombies (D:12)
  19 gnolls
  4 adders
  2 shadow imps
  A white imp (D:6)
  5 worms
  A dart slug (D:2)
  92 orcs
  7 ball pythons
  15 endoplasms
  6 giant cockroaches
  14 goblins
  8 hobgoblins
  A quokka (D:1)
  5 bats
  3 frilled lizards (D:1)
  3 goblin skeletons (D:12)
  4 goblin zombies (D:12)
  2 hobgoblin zombies (D:12)
  21 kobolds
  3 orc skeletons (D:12)
  13 orc zombies (D:12)
  6 rats
  2 butterflies (Lair:1)
  2 tentacles (Shoals:4)
1061 creatures vanquished.

Vanquished Creatures (collateral kills)
  An ugly thing (D:15)
1 creature vanquished.

Vanquished Creatures (others)
  A deep elf knight (Elf:2)
  2 merfolk (Shoals:4)
  An orc wizard (Orc:1)
  An adder (D:6)
  An orc (Orc:1)
  8 tentacles (Shoals:4)
14 creatures vanquished.

Grand Total: 1076 creatures vanquished

Notes
Turn   | Place    | Note
-------+----------+-------------------------------------------
     0 | D:1      | monsoonserge the Troll Fighter began the quest for the Orb.
     0 | D:1      | Reached XP level 1. HP: 22/22 MP: 0/0
   212 | D:1      | Reached XP level 2. HP: 29/29 MP: 1/1
   391 | D:1      | Found a faded altar of an unknown god.
   726 | D:1      | Reached XP level 3. HP: 36/36 MP: 2/2
   930 | D:1      | Reached skill level 3 in Unarmed Combat
   968 | D:2      | Reached XP level 4. HP: 44/44 MP: 3/3
  1175 | D:2      | Found a white marble altar of Elyvilon.
  2110 | D:3      | Found a sacrificial altar of Ru.
  2293 | D:3      | Found a shimmering blue altar of Sif Muna.
  2517 | D:4      | Reached XP level 5. HP: 47/53 MP: 4/4
  2542 | D:4      | Reached skill level 4 in Unarmed Combat
  2551 | D:4      | Found a staircase to the Ecumenical Temple.
  2562 | Temple   | Entered the Ecumenical Temple
  2743 | Temple   | Became a worshipper of the Wu Jian Council
  2896 | D:4      | Found Tuidyx's Antique Weapon Shop.
  3202 | D:5      | Entered Level 5 of the Dungeon
  3258 | D:5      | Reached XP level 6. HP: 61/61 MP: 5/5
  3258 | D:5      | Found a blossoming altar of Fedhas.
  3258 | D:5      | Found a bloodstained altar of Trog.
  3260 | D:5      | Found a broken altar of Ashenzari.
  3260 | D:5      | Found a sparkling altar of Nemelex Xobeh.
  3260 | D:5      | Found an opulent altar of Gozag.
  3260 | D:5      | Found a radiant altar of Vehumet.
  3262 | D:5      | Found a stormy altar of Qazlal.
  3262 | D:5      | Found a white marble altar of Elyvilon.
  3262 | D:5      | Found an iron altar of Okawaru.
  3264 | D:5      | Found a shimmering altar of Xom.
  3264 | D:5      | Found a shadowy altar of Dithmenos.
  3264 | D:5      | Found a basalt altar of Yredelemnul.
  3301 | D:5      | Reached skill level 5 in Unarmed Combat
  4169 | D:6      | Reached XP level 7. HP: 68/68 MP: 6/6
  4195 | D:6      | Reached * piety under Wu Jian
  4346 | D:6      | Reached skill level 6 in Unarmed Combat
  4426 | D:6      | Reached XP level 8. HP: 79/79 MP: 7/7
  4447 | D:6      | Reached skill level 5 in Shields
  4672 | D:6      | Found a snail-covered altar of Cheibriados.
  4676 | D:6      | Reached skill level 7 in Unarmed Combat
  4730 | D:6      | Found a glowing drain.
  4780 | D:6      | Reached ** piety under Wu Jian
  5049 | D:6      | Noticed Blork the orc
  5058 | D:6      | Killed Blork the orc
  5198 | D:6      | Reached skill level 5 in Fighting
  5301 | D:7      | Reached skill level 8 in Unarmed Combat
  5347 | D:7      | Noticed a troll
  5405 | D:6      | Killed a troll
  5471 | D:7      | Reached XP level 9. HP: 87/88 MP: 8/8
  5643 | D:7      | Reached skill level 9 in Unarmed Combat
  5954 | D:8      | Found a glowing silver altar of Zin.
  6041 | D:8      | Reached *** piety under Wu Jian
  6092 | D:8      | Found a runed translucent gate.
  6092 | D:8      | Noticed a ten-headed hydra
  6093 | D:8      | Noticed Grendle's ghost (novice DsBe)
  6094 | D:8      | Found a runed translucent gate.
  6095 | D:8      | Found a runed translucent gate.
  6133 | D:8      | Reached skill level 10 in Unarmed Combat
  6245 | D:9      | Found a flagged portal.
  6285 | D:9      | Noticed a two-headed ogre
  6295 | Bailey   | Entered a bailey
  6326 | Bailey   | Reached XP level 10. HP: 100/100 MP: 9/9
  6392 | Bailey   | Noticed a vault guard
  6405 | Bailey   | Killed a vault guard
  6406 | Bailey   | Reached skill level 11 in Unarmed Combat
  6483 | Bailey   | Noticed Prince Ribbit
  6483 | Bailey   | Noticed a vault guard
  6494 | Bailey   | Killed Prince Ribbit
  6495 | Bailey   | Killed a vault guard
  6503 | Bailey   | Identified the +4 trident of Untruth {venom, rElec rC-
                  | Int+4 Stlth+}
  6557 | D:9      | Killed a two-headed ogre
  6736 | D:9      | Reached **** piety under Wu Jian
  6963 | D:10     | Entered Level 10 of the Dungeon
  7051 | D:10     | Reached skill level 12 in Unarmed Combat
  7140 | D:10     | Noticed a two-headed ogre
  7145 | D:10     | Killed a two-headed ogre
  7146 | D:10     | Reached XP level 11. HP: 107/109 MP: 10/10
  7361 | D:10     | Noticed an obsidian statue
  7694 | D:10     | Found a staircase to the Lair.
  7951 | D:11     | Noticed a sixfirhy
  7967 | D:11     | Killed a sixfirhy
  8187 | Lair:1   | Entered Level 1 of the Lair of Beasts
  8338 | Lair:1   | Reached skill level 13 in Unarmed Combat
  8424 | Lair:1   | Noticed Erica
  8436 | Lair:1   | Killed Erica
  8528 | Lair:1   | Noticed a boulder beetle
  8537 | Lair:1   | Killed a boulder beetle
  8581 | Lair:1   | Identified the +7 glaive of Dif Neut {venom, rPois rF+
                  | Str-4 Dex+2}
  8646 | Lair:1   | Noticed Nergalle
  8665 | Lair:1   | Killed Nergalle
  9395 | Lair:2   | Reached XP level 12. HP: 87/122 MP: 11/11
  9399 | Lair:2   | Reached skill level 14 in Unarmed Combat
  9948 | Lair:2   | Reached skill level 10 in Shields
 10074 | Lair:2   | Found a staircase to the Snake Pit.
 10467 | Lair:3   | Reached ***** piety under Wu Jian
 10475 | Lair:3   | Reached skill level 15 in Unarmed Combat
 10898 | Lair:3   | Found a staircase to the Shoals.
 10924 | Lair:3   | Noticed a boulder beetle
 10927 | Lair:3   | Killed a boulder beetle
 11034 | Lair:3   | Reached XP level 13. HP: 83/133 MP: 12/12
 11407 | Lair:4   | Reached skill level 10 in Fighting
 11536 | Lair:4   | Reached skill level 16 in Unarmed Combat
 11626 | Lair:4   | Found a gate leading to a gauntlet.
 11635 | Gauntlet | Entered a Gauntlet
 11635 | Gauntlet | Found a transporter.
 11635 | Gauntlet | Found a transporter.
 11635 | Gauntlet | Found a transporter.
 11652 | Gauntlet | Found a transporter.
 11656 | Gauntlet | Found a transporter.
 11672 | Gauntlet | Found a transporter.
 11674 | Gauntlet | Found a transporter.
 11695 | Gauntlet | Found a transporter.
 11737 | Gauntlet | Found a transporter.
 11737 | Gauntlet | Found a transporter.
 11748 | Gauntlet | Found a transporter.
 11790 | Gauntlet | Found a transporter.
 11995 | Gauntlet | Identified the +1 cloak of Agoraphobia {Rampage +Blink
                  | Str-5}
 12018 | Gauntlet | Noticed a minotaur
 12028 | Gauntlet | Killed a minotaur
 12100 | Gauntlet | Identified the staff of death "Onilen" {rN+ MP+9 SInv}
 12101 | Gauntlet | Got Doahuis's Monograph on Inhalation and the Chill
 12665 | Lair:5   | Entered Level 5 of the Lair of Beasts
 12750 | Lair:5   | Reached skill level 1 in Evocations
 12822 | Lair:5   | Found a staircase to the Slime Pits.
 12822 | Lair:5   | Found a viscous altar of Jiyva.
 13421 | D:11     | Noticed a minotaur
 13421 | D:11     | Noticed Azazsd's ghost (journeyman MiBe)
 13452 | D:11     | Found a runed translucent gate.
 13452 | D:11     | Found a runed translucent gate.
 13452 | D:11     | Found a runed translucent gate.
 13831 | D:12     | Found a blossoming altar of Fedhas.
 13863 | D:12     | Reached skill level 17 in Unarmed Combat
 13885 | D:12     | Found a staircase to the Orcish Mines.
 13964 | D:12     | Reached ****** piety under Wu Jian
 14098 | D:12     | Identified a scroll of acquirement
 14099 | D:12     | Acquired a manual of Fighting
 14320 | D:12     | Reached XP level 14. HP: 146/146 MP: 13/13
 14590 | Orc:1    | Entered Level 1 of the Orcish Mines
 14590 | Orc:1    | Noticed Maurice
 14653 | Orc:1    | Killed Maurice
 14710 | Orc:1    | You fall into a shaft and drop 1 floor!
 14710 | Orc:2    | Entered Level 2 of the Orcish Mines
 15057 | Orc:2    | Noticed an orc warlord
 15154 | Orc:2    | Found a staircase to the Elven Halls.
 15198 | Orc:1    | Noticed Fannar
 15304 | Orc:2    | Killed Fannar
 15625 | Orc:2    | Killed an orc warlord
 15912 | Orc:2    | Found Cofedd's Weapon Shop.
 15927 | Orc:2    | Bought 2 atropa-tipped darts for 28 gold pieces
 15983 | Orc:2    | Noticed an orc warlord
 15995 | Orc:2    | Found Zet Yss's Antique Weapon Emporium.
 15997 | Orc:2    | Killed an orc warlord
 16001 | Orc:2    | Found Cuvy's Antique Armour Shoppe.
 16187 | Orc:2    | Found Owegawoy's Assorted Antiques.
 16481 | Orc:2    | Bought the +5 Storm Queen's Shield {shock, Fly rElec} for
                  | 1504 gold pieces
 16481 | Orc:2    | Found the +5 Storm Queen's Shield {shock, Fly rElec}
 16500 | Orc:2    | Bought a glowing scarf for 264 gold pieces
 16856 | Lair:5   | Reached skill level 15 in Fighting
 17442 | D:10     | Identified the +1 chain mail of Ru's Vengeance {rPois rN+}
 17448 | D:10     | Got the Tractate on Combustive Transmigration
 17649 | D:11     | Killed Azazsd's ghost
 17990 | D:13     | Found a gate to the Vaults.
 18335 | D:14     | Reached XP level 15. HP: 163/167 MP: 14/14
 19126 | D:15     | Entered Level 15 of the Dungeon
 19175 | D:15     | Reached skill level 18 in Unarmed Combat
 19185 | D:15     | HP: 7/167 [anaconda simulacrum (13)]
 19200 | D:15     | Found a frozen archway.
 19215 | D:15     | Noticed Rupert
 19222 | IceCv    | Entered an ice cave
 19513 | IceCv    | Reached skill level 5 in Dodging
 19704 | IceCv    | Noticed a frost giant
 19705 | IceCv    | Noticed a frost giant
 19710 | IceCv    | Killed a frost giant
 20128 | IceCv    | Killed a frost giant
 20333 | D:15     | Killed Rupert
 20372 | D:15     | Found a transporter.
 20375 | D:15     | Noticed MuffinSoup's ghost (journeyman OpHW)
 20379 | D:15     | Identified the +6 great mace of Tix Ethruwn {freeze,
                  | Will++}
 20379 | D:15     | Noticed a frost giant
 20569 | D:15     | Found a staircase to the Depths.
 20891 | D:15     | Found a transporter.
 20892 | D:15     | Noticed a frost giant
 21200 | Shoals:1 | Entered Level 1 of the Shoals
 21416 | Shoals:1 | Found Quuf's Antique Weapon Boutique.
 21506 | Shoals:1 | Reached XP level 16. HP: 173/176 MP: 15/15
 21842 | Shoals:1 | Reached skill level 19 in Unarmed Combat
 22005 | Shoals:2 | Reached skill level 1 in Spellcasting
 23675 | Shoals:4 | Entered Level 4 of the Shoals
 24331 | Shoals:4 | Reached skill level 20 in Unarmed Combat
 24372 | Shoals:4 | Identified the amulet "Koxkeci" {Faith rElec rF- Regen+
                  | Str+5}
 25481 | Shoals:4 | Noticed a kraken
 25758 | Shoals:4 | Killed a kraken
 25764 | Shoals:4 | Got a barnacled rune of Zot
 25828 | Shoals:4 | Reached XP level 17. HP: 125/184 MP: 9/17
 26434 | Snake:1  | Entered Level 1 of the Snake Pit
 26729 | Snake:1  | Found Lyphen's Overcharged Wands.
 26775 | Snake:1  | Reached skill level 21 in Unarmed Combat
 26798 | Snake:1  | HP: 5/184 [shock serpent (15)]
 26798 | Snake:1  | HP: 1/184 [shock serpent (4)]
 26990 | D:8      | Killed Grendle's ghost
 27139 | Vaults:1 | Entered Level 1 of the Vaults
 28489 | Vaults:1 | Identified the +7 broad axe of Saklud {venom, Contam rN+
                  | Dex+3}
 29263 | D:15     | Killed MuffinSoup's ghost
 29393 | D:15     | Identified the -1 pair of gloves of the Candlemaker {rF+
                  | Will+ Int-4 SInv}
 29394 | D:15     | Identified the +10 sling "Pont" {heavy, rElec rN++ Int+3
                  | Dex-2}
 29474 | Depths:1 | Entered Level 1 of the Depths
 29806 | Elf:1    | Entered Level 1 of the Elven Halls
 29813 | Elf:1    | Reached XP level 18. HP: 188/196 MP: 18/20
 29860 | Elf:1    | Reached skill level 22 in Unarmed Combat
 30039 | Elf:1    | Found a flickering gateway to a bazaar.
 30065 | Bazaar   | Entered a bazaar
 30071 | Bazaar   | Found Lyirasou's Jewellery Shoppe.
 30082 | Bazaar   | Found Ozeewig's Antique Weapon Shoppe.
 30095 | Bazaar   | Found Yrghautabb's Magic Scroll Boutique.
 30106 | Bazaar   | Found Hailudag's Antique Armour Emporium.
 30111 | Bazaar   | Found Icsel's General Store.
 30135 | Bazaar   | Bought a scroll of blinking for 75 gold pieces
 30154 | Bazaar   | Bought an amulet of reflection for 240 gold pieces
 30164 | Bazaar   | Bought the ring of the Iron Devil {Fire rElec rN++ Str-3
                  | Int+2} for 379 gold pieces
 30306 | Elf:1    | Found Ruqugg's Armour Boutique.
 30342 | Elf:1    | Found Cash's Antique Armour Emporium.
 30345 | Elf:1    | Found Ishrul's Magic Scroll Shoppe.
 30345 | Elf:1    | Found Biotur's Antique Armour Emporium.
 30350 | Elf:1    | Found Muhu's General Store.
 30429 | Elf:1    | Found Fikkiyh's Weapon Shoppe.
 30441 | Elf:1    | Bought 4 curare-tipped darts for 81 gold pieces
 30736 | Elf:1    | Paralysed by an air elemental for 1 turns
 31266 | Elf:2    | Found a runed translucent gate.
 31267 | Elf:2    | Found a runed translucent gate.
 31267 | Elf:2    | Found a runed translucent gate.
 31274 | Elf:2    | Noticed Iwiver's ghost (journeyman MiBe)
 31528 | Elf:2    | Found a runed translucent gate.
 31528 | Elf:2    | Found a runed translucent gate.
 31528 | Elf:2    | Found a runed translucent gate.
 31615 | Elf:2    | Killed Iwiver's ghost
 31689 | Elf:2    | Learned a level 6 spell: Statue Form
 31911 | Elf:3    | Entered Level 3 of the Elven Halls
 31915 | Elf:3    | Reached skill level 1 in Earth Magic
 32005 | Elf:3    | Reached skill level 1 in Transmutations
 32384 | Elf:3    | Found Dushreh's Assorted Antiques.
 32501 | Elf:3    | Noticed a Brimstone Fiend
 32881 | Elf:3    | Identified the +3 scale mail of the Hippo {Int+3}
 32901 | Elf:3    | Identified the +12 morningstar of Emoitaips {flame, Fly rN+
                  | rCorr Dex+2}
 32901 | Elf:3    | Identified the amulet "Osicealeaj" {RegenMP rElec Will-
                  | rCorr Str-2 Stlth+}
 32903 | Elf:3    | Identified the ring of New Discoveries {rC+ AC+4}
 32923 | Elf:3    | Killed from afar by a deep elf sorcerer

Illustrated notes

Levels and vault maps discovered:
D:1:      dpeg_arrival_solitude, layout_loops_corners,
          ebering_ecumenical_altar_rust
D:2:      layout_loops_ring, basic_altar, st_stairs_11, minmay_pentomino_s4
D:3:      layout_loops_corners, led_sif_pool, nicolae_ru_the_path_less_chosen
D:4:      layout_cave_pools, minmay_temple_entry_glass, serial_shops, shop,
          hangedman_decor_growths, minmay_crossroads
D:5:      layout_basic, nicolae_overflows_in_rows
D:6:      layout_loops_corners, slow_altar_1, portal_sewer_entry_d,
          hangedman_decor_opposing, kennysheep_donut, chequers_mini_garden,
          hangedman_decor_diamond_cutter, minmay_increasing_density,
          uniq_blork_the_orc
D:7:      layout_rooms
D:8:      layout_rooms, lemuel_crystal_altar, gammafunk_ghost_hydra_chop
D:9:      layout_layer_cave, enter_bailey_5
D:10:     layout_roguey, erik_lair_dragon, minivault_15
D:11:     layout_irregular_city, serial_demonic, serial_demonic_e,
          serial_demonic_d, serial_demonic_e, serial_demonic_f,
          serial_demonic_b, serial_demonic_e, maelrawn_ghost_gauntlet_escape
D:12:     layout_roguey, zombieorc2_lemuel, fedhas_altar_3
D:13:     kennysheep_four_of_diamonds, layout_rooms, david_vaults_4
D:14:     layout_gridville, minivault_14, minivault_24, nrook_pool_corridor
D:15:     grunt_enter_depths_hoard, layout_cave_pools,
          portal_ice_cave_entry_ice_simulacra, gammafunk_ghost_smash,
          hellmonk_bongcloud_opening, uniq_rupert
Temple:   nicolae_temple_bog_church
Lair:1:   layout_layer_cave, nicolae_lair_grove_arrangements,
          lemuel_fruit_fields, uniq_erica, uniq_nergalle
Lair:2:   layout_cave_pods, minmay_snake_entry_guardpost_small,
          grunt_megastairs_4
Lair:3:   layout_regular_city, nicolae_shoals_entry_roost
Lair:4:   layout_gridlike, gauntlet_entry_generic
Lair:5:   grunt_lair_end_beastmaster, layout_gridlike, slime_entry_1,
          infiniplex_staircase_pool
Shoals:1: layout_shoals, serial_shops, shop
Shoals:2: layout_shoals, kb_tengu_band
Shoals:3: layout_shoals, nicolae_shoals_undead_eyrie
Shoals:4: shoals_end_hangedman, layout_shoals
Snake:1:  layout_basic, nicolae_shop_overcharged_wands, minmay_shop_star,
          uniq_donald
Orc:1:    layout_caves, guppyfry_orc_lava_fort, uniq_fannar, uniq_maurice
Orc:2:    grunt_orc_community_town_hall, layout_caves,
          grunt_orc_community_big_house_1, grunt_orc_community_big_house_2,
          grunt_orc_community_house_3, grunt_orc_community_house_3,
          grunt_orc_community_house_3, grunt_orc_community_house_3,
          grunt_orc_community_house_3, basic_altar
Elf:1:    elf_arrival_001, layout_loops_cross, serial_shops, bzr_firewalk,
          nicolae_shop_scrapyard, nicolae_shop_back_alley_shop,
          evilmike_minifort, minmay_shoptagon
Elf:2:    elven_hall_of_blades_hangedman_original [nooodl_blade_entry_preview],
          layout_geoelf_grid, ebering_ghost_rock_garden
Elf:3:    elf_hall_gauntlet_narrow, layout_geoelf_octagon, serial_shops, shop
Vaults:1: vaults_room_door_hall, nicolae_vaults_spaceships,
          nicolae_vaults_two_Ls, st_cells, v_pattern_5, v_misc_13,
          nicolae_vaults_theta, hangedman_vaults_hat,
          nicolae_vaults_trapezoid_lopsided_4, nicolae_vaults_oval_intersection,
          nicolae_vaults_little_squares_2, nicolae_vaults_double_plus_2,
          grunt_vaults_diagonal, nicolae_vaults_sesquioval_fish,
          layout_vaults_omnibox
Depths:1: layout_basic, rand_demon_pan_entry_1, hell_entry, basic_altar,
          grunt_ministairs_3, minmay_misc_feat_tower,
          hangedman_cracks_in_the_wall, minmay_shop_grove

Skill      XL: |  1  2  3  4  5  6  7  8  9 10 11 12 13 14 15 16 17 18 |
---------------+-------------------------------------------------------+-----
Shields        | 3 4 6 7 8 9 10 11 12 13 14 | 14.4
Unarmed Combat | 3 4 5 6 8 10 12 13 15 17 18 20 21 22 | 22.5
Fighting       | 3 4 5 6 7 8 9 11 15 16 | 16.3
Evocations     | 2 4 |  4.0
Dodging        | 3 5 8 9 |  9.9
Spellcasting   | 1 2 |  2.8
Earth Magic    | 2 |  2.7
Transmutations | 2 |  2.3

Action                     |  1- 3 |  4- 6 |  7- 9 | 10-12 | 13-15 | 16-18 || total
---------------------------+-------+-------+-------+-------+-------+-------++-------
  Melee: Unarmed           |   121 |   148 |   330 |   546 |  1417 |  1295 ||  3857
  Throw: Dart              |       |       |       |     5 |       |       ||     5
         Javelin           |       |       |       |       |     1 |       ||     1
         Large rock        |       |       |       |       |     1 |       ||     1
         Boomerang         |       |       |       |       |     1 |       ||     1
 Invoke: Serpent's Lash    |       |       |       |     2 |     5 |     9 ||    16
         Heavenly Storm    |       |       |       |       |     2 |     1 ||     3
Ability: Lunge             |       |     6 |    26 |    40 |   145 |   121 ||   338
         Whirlwind         |       |       |   140 |   186 |   549 |   280 ||  1155
         Wall Jump         |       |       |       |       |     1 |     1 ||     2
  Evoke: Wand              |       |       |       |       |    18 |     1 ||    19
         Box of beasts     |       |       |       |       |     2 |     1 ||     3
         Condenser vane    |       |       |       |       |     1 |     1 ||     2
         Lightning rod     |       |       |       |       |       |     3 ||     3
    Use: Potion            |       |       |     1 |       |     7 |     4 ||    12
         Scroll            |       |       |    11 |     4 |    14 |     5 ||    34
   Stab: Petrified         |       |       |       |       |     1 |       ||     1
         Distracted        |       |       |       |       |     1 |       ||     1
         Confused          |       |       |       |       |       |     1 ||     1
 Armour: Robe              |    38 |    36 |    27 |       |    19 |    69 ||   189
         Troll leather arm |       |       |    51 |    78 |   152 |     7 ||   288
         Ice dragon scales |       |       |       |       |    21 |       ||    21
  Dodge: Dodged            |    39 |    40 |   107 |   116 |   237 |   255 ||   794
         Repelled          |       |       |       |       |       |    12 ||    12
  Block: Kite shield       |    49 |    36 |   100 |   175 |   528 |   599 ||  1487
         Reflection        |       |       |       |       |       |    12 ||    12
